 Dungeon Sprint DCSS version 0.29-a0-925-g0a7a3d12f8 (webtiles) character file.

Game seed: 11348865214727858765

443 Hipnos the Fighter (level 6, -3/60 HPs)
             Began as a Demonspawn Chaos Knight on July 28, 2022.
             Was a Plaything of Xom.
             Slain by a water moccasin (6 damage)
             ... in the Dungeon (Sprint II: "The Violet Keep of Menkaure").
             The game lasted 00:01:05 (36 turns).

Hipnos the Fighter (Demonspawn Chaos Knight)          Turns: 36, Time: 00:01:06

Health: -3/60      AC:  5    Str: 13    XL:     6   Next: 71%
Magic:  6/6        EV: 11    Int: 13    God:    Xom [...*..]
Gold:   0          SH:  0    Dex: 12    Spells: 5/5 levels left

rFire   . . .      SeeInvis .   a - +0 falchion (chaos)
rCold   . . .      Faith    .   (no shield)
rNeg    . . .      Spirit   .   b - +2 leather armour
rPois   .          Reflect  .   (no helmet)
rElec   .          Harm     .   (no cloak)
rCorr   .          Rampage  .   (no gloves)
Will    .....      NoTele   +   (no boots)
Stlth   +.........              (no amulet)
HPRegen 0.20/turn               (no ring)
MPRegen 0.10/turn               (no ring)

@: mighty, brilliant, on berserk cooldown, hasted, very quick
A: foul stench 2, demonic magic 2, weak 1, inability to read while threatened 1
a: Renounce Religion


You were in the Dungeon.
You worshipped Xom.
You were a favourite toy of Xom.
You visited 1 branch

Inventory:

Hand Weapons
 a - a +0 falchion of chaos (weapon)
Armour
 b - a +2 leather armour (worn)
Scrolls
 i - a scroll of blinking
Potions
 d - a potion of curing
 g - 2 potions of magic
Miscellaneous
 c - a piece from Xom's chessboard (15/15) (quivered)


   Skills:
 + Level 9.9 Fighting
 + Level 9.3 Long Blades
 + Level 4.8 Armour
 + Level 2.0 Dodging


You had 5 spell levels left.
You didn't know any spells.
Your spell library was empty.

Dungeon Overview and Level Annotations

Branches:
Dungeon (1/1)

Altars:


Innate Abilities, Weirdness & Mutations

You sometimes emit foul miasma when damaged in melee.
Spells you cast may paralyse nearby enemies.
You are weak. (Str -2)
You occasionally lose the ability to read scrolls when taking damage.


Message History

The neqoxec is moderately wounded.
You slash the neqoxec! You freeze the neqoxec.
The neqoxec is severely wounded.
The neqoxec gestures at you.
You feel dopey. Something feeds on your intellect!
You slash the neqoxec!
The neqoxec is almost dead.
The neqoxec barely misses you.
You slash the neqoxec!
You kill the neqoxec!
Menkaure misses you.
You feel your intelligence returning.
Your Fighting skill increases to level 9!
Your Long Blades skill gained 2 levels and is now at level 9!
You have reached level 6!
Your demonic ancestry asserts itself...
Your foul stench grows more powerful.
You completely miss Menkaure.
Menkaure is heavily damaged.
The neqoxec gestures at you.
Something tries to feed on your intellect!
Menkaure hits you.
* * * LOW HITPOINT WARNING * * *
Unknown command.
You hit Menkaure. You freeze Menkaure.
Menkaure is severely damaged.
Menkaure barely misses you.
You hit Menkaure.
Menkaure is almost destroyed.
Menkaure hits you but does no damage.
You slash Menkaure! Lightning courses through Menkaure!
You destroy Menkaure!
Your Dodging skill increases to level 2!
You closely miss the water moccasin. Your punch misses the water moccasin.
The water moccasin is almost dead.
You feel yourself speed up. The water moccasin closely misses you.
The water moccasin bites you.
You die...
Xom guffaws!

# ### ##. #+###@##
#$.B##.##.#S#
#+.<.'##3'..#
#..B##.###..#....#
##. #+# #3##......
# ## ..... ≈§≈.§
≈≈≈. §§≈≈


You could see a neqoxec and a water moccasin.

Vanquished Creatures
  3 neqoxecs (D)
  Menkaure (D)
4 creatures vanquished.

Notes
Turn   | Place    | Note
-------+----------+-------------------------------------------
     0 | D        | Hipnos the Demonspawn Chaos Knight began the quest for the
                  | Orb.
     0 | D        | Reached XP level 1. HP: 18/18 MP: 1/1
     1 | D        | Noticed a boulder beetle
     1 | D        | Noticed a boulder beetle
     5 | D        | Noticed a neqoxec
     8 | D        | XOM: potion effect (curing)
     8 | D        | Gained mutation: You are weak. (Str -2) [a neqoxec]
    10 | D        | Killed a neqoxec
    11 | D        | Reached skill level 1 in Dodging
    11 | D        | Gained mutation: Spells you cast may paralyse adjacent
                  | enemies. [demonic ancestry]
    11 | D        | Reached XP level 2. HP: 31/31 MP: 2/2
    11 | D        | Gained mutation: You may rarely emit foul miasma when
                  | damaged in melee. [demonic ancestry]
    11 | D        | Reached XP level 3. HP: 36/36 MP: 3/3
    11 | D        | Gained mutation: Spells you cast may paralyse nearby
                  | enemies. [demonic ancestry]
    11 | D        | Reached XP level 4. HP: 43/43 MP: 4/4
    13 | D        | Noticed a neqoxec
    13 | D        | Noticed Menkaure
    13 | D        | XOM: potion effect (brilliance)
    14 | D        | Noticed a neqoxec
    14 | D        | Noticed a neqoxec
    14 | D        | Noticed a water moccasin
    14 | D        | Gained mutation: You occasionally lose the ability to read
                  | scrolls when taking damage. [a neqoxec]
    17 | D        | XOM: potion effect (might)
    27 | D        | Killed a neqoxec
    28 | D        | Reached XP level 5. HP: 5/51 MP: 5/5
    31 | D        | Killed a neqoxec
    32 | D        | Gained mutation: You sometimes emit foul miasma when
                  | damaged in melee. [demonic ancestry]
    32 | D        | Reached XP level 6. HP: 6/59 MP: 6/6
    35 | D        | Killed Menkaure
    36 | D        | Slain by a water moccasin

Illustrated notes

Levels and vault maps discovered:
D:        the_violet_keep_of_menkaure [sprint2_stairs_cluster_1,
          sprint2_shoproom, sprint2_temple, sprint2_basic_supplies,
          sprint2_obstacle_1, sprint2_obstacle_3, sprint2_obstacle_4,
          sprint2_obstacle_5, sprint2_obstacle_7, sprint2_timed_cluster_1,
          sprint2_smallroom_cluster_1, sprint2_smallroom_final_cluster_1,
          sprint2_transparent_cluster_1, sprint2_second_timed_cluster_1,
          sprint2_sniper_area_1, sprint2_heavy_combat_area_1,
          sprint2_mutation_trap_area_1, sprint2_forest_area_1,
          sprint2_light_combat_area_1, sprint2_behind_water_1,
          sprint2_near_end_vault_1]

Skill      XL: |  1  2  3  4  5  6 |
---------------+-------------------+-----
Fighting       | 7 8 9 |  9.9
Long Blades    | 6 7 9 |  9.3
Armour         | 3 4 |  4.8
Dodging        | 1 2 |  2.0

Action                   |  1- 3 |  4- 6 || total
-------------------------+-------+-------++-------
Melee: Falchion          |     4 |    19 ||    23
       Punch             |       |     1 ||     1
  Use: Potion            |     1 |     2 ||     3
Armor: Leather armour    |       |     2 ||     2
Dodge: Dodged            |     1 |    11 ||    12

Table legend: (Time is in decaauts)
 A = Elapsed time spent in this place.
 B = Non-inter-level travel time spent in this place.
 C = Inter-level travel time spent in this place.
 D = Time resting spent in this place.
 E = Time spent auto-exploring this place.
 F = Levels seen in this place.
 G = Mean time per level.
                   A        B        C        D        E       F      G
               +--------+--------+--------+--------+--------+-----+--------+
         Total |     34 |     34 |      0 |      0 |      0 |   1 |   34.0 |
       Dungeon |     34 |     34 |      0 |      0 |      0 |   1 |   34.0 |
               +--------+--------+--------+--------+--------+-----+--------+

Top non-repeatable levels by time:
       D: 34 daAuts
